 Dungeon Crawl Stone Soup version 0.30-a0-778-g2ef04afb54 (webtiles) character file.

Game seed: 6511733137671096098

25 Angani the Grave Robber (level 2, -2/20 HPs)
             Began as a Draconian Necromancer on Feb 16, 2023.
             Was a Believer of Uskayaw.
             Slain by a worm (10 damage)
             ... on level 2 of the Dungeon.
             The game lasted 00:02:17 (1359 turns).

Angani the Grave Robber (Draconian Necromancer)     Turns: 1359, Time: 00:02:18

Health: -2/20      AC:  4    Str: 10    XL:     2   Next: 82%
Magic:  1/5        EV: 12    Int: 15    God:    Uskayaw [**....]
Gold:   33         SH:  0    Dex: 11    Spells: 2/5 levels left

rFire   . . .      SeeInvis .    (no weapon)
rCold   . . .      Faith    +    (no shield)
rNeg    . . .      Spirit   .    (body armour unavailable)
rPois   .          Reflect  .    (helmet restricted)
rElec   .          Harm     .    (no cloak)
rCorr   .          Rampage  .    (no gloves)
Will    .....                    (no boots)
Stlth   ++                       f - amulet of faith
HPRegen 0.23/turn                (no ring)
MPRegen 0.09/turn                (no ring)

@: no status effects
A: AC +4, unfitting armour, cold-blooded
a: Renounce Religion, Stomp, Line Pass


You were on level 2 of the Dungeon.
You worshipped Uskayaw.
Uskayaw was noncommittal.
You visited 1 branch of the dungeon, and saw 2 of its levels.

You collected 33 gold pieces.

Inventory:

Jewellery
 f - an amulet of faith (around neck)
Scrolls
 e - a scroll of butterflies {unknown}
Potions
 a - a potion of magic
 b - a potion of haste {unknown}
 c - 2 potions of curing {unknown}
 d - a potion of mutation {unknown}
 g - 2 potions of cancellation {unknown}


   Skills:
 - Level 1.7 Dodging
 - Level 3.2 Stealth
 + Level 2.0 Spellcasting
 - Level 4.0 Necromancy
 + Level 0.2 Fire Magic


You had 2 spell levels left.
You knew the following spells:

 Your Spells              Type           Power      Damage    Failure   Level
a - Necrotise             Necr           52%        1d6       4%          1
b - Scorch                Fire           4%         2d5       30%         2

Your spell library contained the following spells:

 Spells                   Type           Power      Damage    Failure   Level
 Vampiric Draining        Necr           13%        2d6       13%         3
 Animate Dead             Necr           13%        N/A       38%         4
 Agony                    Necr           13%        N/A       75%         5
 Flame Wave               Conj/Fire      1%         2d4       91%         4
 Summon Cactus Giant      Summ           0%         N/A       100%        6


Dungeon Overview and Level Annotations

Branches:
Dungeon (2/15)

Altars:
Uskayaw


Innate Abilities, Weirdness & Mutations

Your plain brown scales are hard. (AC +4)
You cannot fit into any form of body armour.
You are cold-blooded and may be slowed by cold attacks.


Message History

The worm is moderately wounded.
The worm closely misses you.
You hit the worm. You tail-slap the worm.
The worm is heavily wounded.
You barely miss the worm.
The worm is heavily wounded.
The worm bites you.
You completely miss the worm.
The worm is moderately wounded.
The worm bites you!
You are too injured to fight recklessly!
You are too injured to fight recklessly!
You are too injured to fight recklessly!
Casting: Necrotise (safe; 4% risk of failure)
Confirm with . or Enter, or press ? or * to list all spells.
Aiming: Necrotise (safe; 4% risk of failure)
Press: ? - help, Shift-Dir - straight line, f - worm
Aim: a worm (moderately wounded, chance to affect: 76%)
The worm barely resists.
Casting: Necrotise (safe; 4% risk of failure)
Confirm with . or Enter, or press ? or * to list all spells.
Aiming: Necrotise (safe; 4% risk of failure)
Press: ? - help, Shift-Dir - straight line, f/p - worm
Aim: a worm (moderately wounded, chance to affect: 76%)
The worm writhes in agony.
The worm misses you.
Casting: Necrotise (safe; 4% risk of failure)
Confirm with . or Enter, or press ? or * to list all spells.
Aiming: Necrotise (safe; 4% risk of failure)
Press: ? - help, Shift-Dir - straight line, f/p - worm
Aim: a worm (heavily wounded, chance to affect: 76%)
The worm writhes in agony.
You can now pass through a line of other dancers.
Casting: Necrotise (safe; 4% risk of failure)
Confirm with . or Enter, or press ? or * to list all spells.
Aiming: Necrotise (safe; 4% risk of failure)
Press: ? - help, Shift-Dir - straight line, f/p - worm
Aim: a worm (severely wounded, chance to affect: 76%)
The worm barely resists.
The worm bites you!
Ouch! That really hurt!
You die...

### #..
#.########
#.#......#
#.#...w..#
#.#..@...#
#........#
#<..###......
###...#.###..
#.#.# # .
#.#.# #.# #
#.# ..


You could see a worm.

Vanquished Creatures
  5 bats (D:1)
  3 endoplasms (D:1)
  5 hobgoblins (D:1)
  3 jackals (D:1)
  2 quokkas (D:1)
  2 ball pythons (D:1)
  A frilled lizard (D:1)
21 creatures vanquished.

Notes
Turn   | Place    | Note
-------+----------+-------------------------------------------
     0 | D:1      | Angani the Draconian Necromancer began the quest for the
                  | Orb.
     0 | D:1      | Reached XP level 1. HP: 14/14 MP: 3/3
   376 | D:1      | Reached XP level 2. HP: 12/20 MP: 0/5
   975 | D:1      | Learned a level 2 spell: Scorch
   999 | D:1      | Found a faded altar of an unknown god.
  1005 | D:1      | Prayed at the altar of an unknown god.
  1005 | D:1      | Became a worshipper of Uskayaw the Reveller
  1005 | D:1      | Reached * piety under Uskayaw
  1358 | D:2      | Reached ** piety under Uskayaw
  1359 | D:2      | Slain by a worm

Illustrated notes

Levels and vault maps discovered:
D:1:      dpeg_arrival_connections, layout_basic, serial_aquarium,
          aquarium_bridge_square [aquarium_subvault_bridge,
          aquarium_subvault_wall, aquarium_subvault_wall,
          aquarium_subvault_balcony], aquarium_window_fake,
          aquarium_window_corridor_3, aquarium_window_1, aquarium_view_2a,
          aquarium_balcony_3b, ebering_ecumenical_altar_petrified
D:2:      layout_basic, uniq_crazy_yiuf_cottage, uniq_natasha

Skill      XL: |  1  2 |
---------------+-------+-----
Stealth        | 2 3 |  3.2
Dodging        | |  1.7
Spellcasting   | |  2.0
Necromancy     | |  4.0
Fire Magic     | |  0.2

Action                     || total
---------------------------++-------
  Melee: Unarmed           ||    47
         Tailslap          ||    11
   Cast: Necrotise         ||    32
   Stab: Sleeping          ||     1
 Armour: Skin              ||    19
  Dodge: Dodged            ||    33

Table legend: (Time is in decaauts)
 A = Elapsed time spent in this place.
 B = Non-inter-level travel time spent in this place.
 C = Inter-level travel time spent in this place.
 D = Time resting spent in this place.
 E = Time spent auto-exploring this place.
 F = Levels seen in this place.
 G = Mean time per level.
                   A        B        C        D        E       F      G
               +--------+--------+--------+--------+--------+-----+--------+
         Total |   1358 |   1345 |     13 |     45 |   1143 |   2 |  679.0 |
       Dungeon |   1358 |   1345 |     13 |     45 |   1143 |   2 |  679.0 |
               +--------+--------+--------+--------+--------+-----+--------+

Top non-repeatable levels by time:
     D:1: 1345 daAuts
     D:2: 13 daAuts
